 Dungeon Crawl Stone Soup version 0.31-a0-164-g2312942fda (webtiles) character file.

Game seed: 3293902559585324776

145 qw the Chopper (level 5, -1/32 HPs)
             Began as a Gargoyle Fighter on June 13, 2023.
             Slain by an ogre
             ... wielding a +0 giant club
              (15 damage)
             ... on level 4 of the Dungeon.
             The game lasted 00:00:59 (2276 turns).

qw the Chopper (Gargoyle Fighter)                   Turns: 2276, Time: 00:01:00

Health: -1/32      AC: 12    Str: 21    XL:     5   Next: 27%
Magic:  5/5        EV:  9    Int:  9    God:
Gold:   166        SH:  4    Dex:  9    Spells: 4/4 levels left

rFire   . . .        Y - +0 war axe
rCold   . . .        c - +0 buckler
rNeg    + . .        b - +0 scale mail
rPois   inf          (no helmet)
rElec   +            (no cloak)
rCorr   .            g - +0 pair of gloves
SInv    .            (no boots)
Will    .....        (no amulet) Stlth
                     (no ring)
HPRegen 0.25/turn    (no ring)
MPRegen 0.09/turn

%: no passive effects
@: no status effects
A: sickness immunity, AC +4, negative energy resistance 1, electricity
resistance, torment resistance 1, petrification resistance
a: no special abilities


You were on level 4 of the Dungeon.
You visited 1 branch of the dungeon, and saw 4 of its levels.

You collected 166 gold pieces.


Innate Abilities, Weirdness & Mutations

You are immune to sickness and miasma.
Your stone body is resilient. (AC +4)
You are immune to poison.
You resist negative energy. (rN+)
You are resistant to electric shocks. (rElec)
You are resistant to unholy torment.
You are immune to petrification.


   Skills:
 - Level 3.2 Fighting
 + Level 4.3 Axes
 - Level 1.8 Throwing
 - Level 3.2 Armour
 - Level 3.2 Shields


You had 4 spell levels left.
You didn't know any spells.
Your spell library was empty.

Inventory:

Hand Weapons
 i - a +0 morningstar
 Y - a +0 war axe (weapon)
Missiles
 l - 5 boomerangs (quivered)
Armour
 b - a +0 scale mail (worn)
 c - a +0 buckler (worn)
 g - a +0 pair of gloves (worn)
Wands
 p - a wand of digging (6)
Scrolls
 f - a scroll of identify
 q - 2 scrolls of teleportation
Potions
 a - a potion of brilliance {unknown}
 d - 3 potions of might
 e - 2 potions of haste
 h - 2 potions of curing
 j - a potion of degeneration {unknown}
 k - a potion of heal wounds {unknown}
 m - a potion of enlightenment {unknown}
 n - a potion of lignification {unknown}

Dungeon Overview and Level Annotations

Branches:
Dungeon (4/15)
 Temple: D:4-7

Altars:


Message History

An orc priest comes into view. It is wielding a +0 mace.
The orc priest shouts! x3; You hear a shout!
You slash the orc!
You kill the orc!
You block the orc's attack.
You barely miss the orc priest. You hit the orc. The orc closely misses you.
An ogre comes into view. It is wielding a +0 giant club.
You barely miss the orc.
The orc is lightly wounded.
You hit the orc priest. x2
The orc barely misses you.
The orc priest hits you with a +0 flail.
The orc priest calls down the wrath of Beogh upon you.
Beogh smites you!
You slash the orc priest!
You kill the orc priest!
You hit the orc. You hit the orc priest. The orc hits you but does no damage.
The orc priest hits you but does no damage.
The orc priest barely misses you. The orc hits you with a +0 hand axe.
The orc priest barely misses you.
Your Axes skill increases to level 4!
You have reached level 5!
You slash the orc!
You kill the orc!
You completely miss the orc priest. You closely miss the orc priest.
The orc priest misses you.
The orc priest hits you with a +0 flail.
You barely miss the orc priest.
The orc priest is heavily wounded.
You closely miss the orc priest.
The orc priest hits you but does no damage.
You block the orc priest's attack.
An endoplasm comes into view.
You barely miss the orc priest.
The orc priest is heavily wounded.
You closely miss the ogre. You closely miss the orc priest.
The endoplasm quivers.
The ogre hits you with a +0 giant club!
You die...

................#.#.#
...........##.###.#.#
......)....# .# #.#.#
..........# # #.#.#
.........## #.#.#
.##.....# #<# ##...##
### #...# #@o.# #Oo.#
....# ..#### ... J...
..... ......


You could see an ogre, 2 orc priests and an endoplasm.

Vanquished Creatures
  An orc priest (D:4)
  Terence (D:2)
  An adder (D:3)
  A worm (D:3)
  2 dart slugs
  4 orcs
  5 endoplasms
  A giant cockroach (D:1)
  10 goblins
  4 hobgoblins
  7 jackals
  8 kobolds
  A quokka (D:1)
  7 ball pythons
  5 bats
  2 frilled lizards
  5 rats
65 creatures vanquished.

Notes
Turn   | Place    | Note
-------+----------+-------------------------------------------
     0 | D:1      | qw the Gargoyle Fighter began the quest for the Orb.
     0 | D:1      | Reached XP level 1. HP: 14/14 MP: 1/1
     0 | D:1      | 0 ||| qw: Version: 0.2-a-29-gc1b59c4
     0 | D:1      | 0 ||| qw: Game counter: 4501
     0 | D:1      | 0 ||| qw: Always use a shield: true
     0 | D:1      | 0 ||| qw: God list: Okawaru
     0 | D:1      | 0 ||| qw: Allow faded altars: false
     0 | D:1      | 0 ||| qw: Do Orc after D:15 true
     0 | D:1      | 0 ||| qw: Do second Lair branch before Depths: true
     0 | D:1      | 0 ||| qw: Lair rune preference: random
     0 | D:1      | 0 ||| qw: Plans: Normal, Zot:1-4, Slime:5, God:TSO, Crypt,
                  | Tomb, Abyss, Pan, Hells, Win
     0 | D:1      | 0 ||| PLANNING D:1-11
    54 | D:1      | Reached skill level 2 in Axes
    61 | D:1      | Reached XP level 2. HP: 11/19 MP: 2/2
   296 | D:1      | Reached skill level 3 in Axes
   376 | D:1      | Reached XP level 3. HP: 18/23 MP: 3/3
   754 | D:1      | 754 ||| UPGRADING to +0 pair of gloves.
   759 | D:1      | 759 ||| READING scroll labelled WYUQIU PIRE.
   760 | D:1      | 760 ||| READING scroll labelled HILO JATACH.
   777 | D:1      | 777 ||| READING scroll labelled ABRI GUMA DUX.
   780 | D:1      | 780 ||| READING scroll labelled KIQITHR PIPRO.
   804 | D:2      | 804 ||| Stepping ~*~*~tactically~*~*~ (stealth).
   825 | D:2      | 825 ||| DROPPING +0 club.
   865 | D:2      | 865 ||| Stepping ~*~*~tactically~*~*~ (hiding).
   867 | D:2      | 867 ||| Stepping ~*~*~tactically~*~*~ (hiding).
   974 | D:2      | Noticed Terence
   977 | D:2      | Killed Terence
   978 | D:2      | Reached skill level 1 in Throwing
   997 | D:2      | Reached XP level 4. HP: 28/28 MP: 4/4
   999 | D:2      | 999 ||| DROPPING +0 whip.
  1224 | D:2      | 1224 ||| Stepping ~*~*~tactically~*~*~ (stealth).
  1225 | D:2      | 1225 ||| Stepping ~*~*~tactically~*~*~ (stealth).
  1357 | D:2      | 1357 ||| Stepping ~*~*~tactically~*~*~ (stealth).
  1409 | D:2      | 1409 ||| READING scroll labelled MEK NENKEATEFY.
  1410 | D:2      | 1410 ||| DRINKING 3 fuming grey potions.
  1411 | D:2      | 1411 ||| READING 2 scrolls of identify.
  1411 | D:2      | 1411 ||| IDENTIFYING black potion
  1559 | D:3      | 1559 ||| Stepping ~*~*~tactically~*~*~ (stealth).
  1643 | D:3      | Found a faded altar of an unknown god.
  1679 | D:3      | 1679 ||| Stepping ~*~*~tactically~*~*~ (stealth).
  1680 | D:3      | 1680 ||| Stepping ~*~*~tactically~*~*~ (stealth).
  2271 | D:4      | Noticed an ogre
  2274 | D:4      | Reached skill level 4 in Axes
  2274 | D:4      | Reached XP level 5. HP: 15/32 MP: 5/5
  2276 | D:4      | Slain by an ogre

Levels and vault maps discovered:
D:1:      dpeg_arrival_more_subterranean_lakeside_camping, layout_basic
D:2:      layout_rooms, kennysheep_generic_room_11, uniq_terence
D:3:      layout_loops_ring, hellmonk_ecumenical_altar_heavens_door
D:4:      layout_basic, nicolae_overflow_crystal_walls,
          kennysheep_generic_room_10, uniq_blork_the_orc

Skill      XL: |  1  2  3  4 |
---------------+-------------+-----
Axes           | 2 3 4 |  4.3
Throwing       | 1 |  1.8
Fighting       | |  3.2
Armour         | |  3.2
Shields        | |  3.2

Action                     |  1- 3 |  4- 6 || total
---------------------------+-------+-------++-------
  Melee: War axe           |    53 |    55 ||   108
  Throw: Javelin           |    33 |    30 ||    63
         Boomerang         |       |    16 ||    16
    Use: Scroll            |     4 |     2 ||     6
         Potion            |       |     1 ||     1
 Armour: Scale mail        |    45 |    26 ||    71
  Dodge: Dodged            |    34 |    24 ||    58
  Block: Buckler           |    10 |    10 ||    20

Table legend:
 A = Non-vault XP
 B = Vault XP
 C = Vault XP percentage of total XP
 D = Non-vault monster count
 E = Vault monster count
 F = Vault count percentage of total count
                 A         B        C        D         E       F
            +---------+---------+-------+---------+---------+-------
      Total |     169 |      39 |  18.8 |      62 |       3 |   4.6
            +---------+---------+-------+---------+---------+-------
        D:1 |      39 |       0 |   0.0 |      22 |       0 |   0.0
        D:2 |      24 |      39 |  61.9 |      13 |       3 |  18.8
        D:3 |      56 |       0 |   0.0 |      23 |       0 |   0.0
        D:4 |      50 |       0 |   0.0 |       4 |       0 |   0.0
            +---------+---------+-------+---------+---------+-------
